 Dungeon Crawl Stone Soup version 0.19-a0-895-gdbd5520 (webtiles) character file.

103910 HungLikeaParliment the Executioner (level 15, -20/143 HPs)
             Began as a Minotaur Berserker on July 4, 2016.
             Was a High Priest of Trog.
             Blown up by an orb spider (48 damage)
             ... with an orb of destruction
             ... on level 1 of the Spider Nest.
             The game lasted 01:17:14 (31104 turns).

HungLikeaParliment the Executioner (MiBe)          Turns: 31104, Time: 01:17:14

Health: -20/143    AC: 30    Str: 25    XL:     15   Next: 90%
Magic:  14/14      EV:  8    Int:  4    God:    Trog [*****.]
Gold:   2427       SH:  0    Dex: 16    Spells: 0 memorised, 14 levels left

rFire  . . .     SeeInvis +     L - +2 executioner's axe (chop)
rCold  . . .     Gourm    .     U - +4 plate armour
rNeg   . . .     Faith    .     (shield currently unavailable)
rPois  .         Spirit   .     m - +2 hat
rElec  .         Dismiss  .     (no cloak)
rCorr  .         Reflect  .     w - +2 pair of gloves
SustAt .         Harm     .     z - +2 pair of boots
MR     +....                    (no amulet)
Stlth  ..........               k - +3 ring of strength
                                h - ring of see invisible

@: lethally poisoned (-20 -> -22), exhausted, slowed, very slow, somewhat
resistant to hostile enchantments, extremely unstealthy
A: retaliatory headbutt, horns 2
a: Berserk, Trog's Hand, Brothers in Arms, Burn Spellbooks, Renounce Religion


You were on level 1 of the Spider Nest.
You worshipped Trog.
Trog was extremely pleased with you.
You were near starving.

You visited 5 branches of the dungeon, and saw 25 of its levels.
You also visited: Labyrinth and Bailey.

You collected 3121 gold pieces.
You spent 694 gold pieces at shops.

Inventory:

Hand Weapons
 A - a +0 battleaxe of venom
 E - a +5 antimagic battleaxe
 L - a +2 executioner's axe of chopping (weapon)
 O - the +2 morningstar of Pexton {crush, rF+ MR+}
   (You found it in a labyrinth)

   It inflicts extra damage upon your enemies.
   It protects you from fire.
   It affects your resistance to hostile enchantments.
 V - a +2 antimagic battleaxe
Armour
 m - a +2 hat (worn)
 w - a +2 pair of gloves (worn)
 z - a +2 pair of boots (worn)
 J - a +0 fire dragon armour
 U - a +4 plate armour (worn)
Jewellery
 h - a ring of see invisible (left hand)
 k - a +3 ring of strength (right hand)
 p - a +2 ring of protection
 y - an uncursed ring of magical power {unknown}
 D - an uncursed ring of protection from magic
 K - the ring "Unnyig" {*Confuse rPois rN+ EV-2 Str+2}
   (You took it off Josephine on level 6 of the Lair of Beasts)

   [ring of evasion]

   It affects your evasion (-2).
   It affects your strength (+2).
   It protects you from poison.
   It protects you from negative energy.
   It may confuse you when you take damage.
 T - an uncursed ring of sustain attributes
 Y - an uncursed ring of resist corrosion
Wands
 g - a wand of iceblast (11/15)
 v - a wand of disintegration (16/24)
 G - a wand of digging (5/24)
 P - a wand of lightning (6/15)
 Q - a wand of paralysis (10/24)
 S - a wand of acid (3/15)
 W - a wand of disintegration (14/24)
Scrolls
 d - a scroll of fog
 l - 7 scrolls of remove curse
 o - 6 scrolls of fear
 s - a scroll of recharging
 u - 5 scrolls of blinking
 C - 6 scrolls of teleportation
Potions
 e - 3 potions of haste
 f - 2 potions of cancellation
 i - 4 potions of ambrosia
 j - 5 potions of flight
 q - a potion of cure mutation
 r - 5 potions of curing
 t - 2 potions of invisibility
 B - a potion of resistance
 F - 6 potions of agility
 I - 2 potions of lignification
 M - 6 potions of heal wounds
 N - a potion of beneficial mutation {unknown}
Miscellaneous
 H - a phantom mirror
 X - a sack of spiders
 Z - a box of beasts
Comestibles
 b - 9 beef jerkies
 c - 18 bread rations
 n - 9 meat rations
 x - 3 fruits


   Skills:
 + Level 15.7 Fighting
 + Level 22.3 Axes
 + Level 15.2 Armour
 + Level 8.7 Dodging


You had 14 spell levels left.
You didn't know any spells.

Dungeon Overview and Level Annotations

Branches:
Dungeon (15/15)            Temple (0/1) D:6            Lair (6/6) D:9
 Shoals (1/4) Lair:4       Spider (1/4) Lair:3        Slime (0/5) Lair:6
    Orc (2/2) D:12            Elf (0/3) Orc:2        Vaults (0/5) D:13
 Depths (0/5) D:15

Altars:
Cheibriados
Elyvilon
Fedhas
Hepliaklqana
Kikubaaqudgha
Nemelex Xobeh
Okawaru
Ru
Sif Muna
Uskayaw
Xom
Yredelemnul
Zin
Beogh
Jiyva

Shops:
D:5 *   D:7 ?   Orc:1 %?   Orc:2 ??((

Annotations:
D:10 exclusion: 2 oklob plants


Innate Abilities, Weirdness & Mutations

You reflexively headbutt those who attack you in melee.
You have a pair of horns on your head.


Message History

You are exhausted.
You feel yourself slow down.
You are feeling very hungry.
You feel sick.
You feel sick.
You enter the shallow water.
Moving in this stuff is going to be slow.
You feel very sick.
You feel sick.
You feel sick.
The orb spider spins a strand of pure energy.
You feel sick.
You feel sick.
The orb spider weaves a glowing orb of energy.
An orb of destruction comes into view.
There is a crawl-hole back to the Lair here.
You can't go down here!
You are near starving!
You feel sick. The orb of destruction hits you!
You die...

## ##.. #####
≈...###.≈≈##
#......^.†≈#
#.......†.≈#
...........#
..........##
.......@...##
.......^§§..#
.......#≈#s##
............#
............#
......##≈#..#
...... ..#..#
.......^.##≈#
≈## ≈#


You could see an orb spider.

Vanquished Creatures
  An acid blob (Lair:6)
  An orc warlord (Orc:1)
  The ghost of Oroborous the Basher, a journeyman TrMo of Kikubaaqudgha (Lair:3)
  The ghost of HungLikeaParliment the Severer, a journeyman HOFi of Yredelemnul (Lair:4)
  4 dire elephants
  A minotaur (Lab)
  A great orb of eyes (D:15)
  Josephine (Lair:6)
  4 vault guards (D:13)
  7 hydras
  4 centaur warriors
  An anaconda (Lair:6)
  The ghost of Ryco the Unseen, a journeyman SpEn of Ashenzari (Orc:2)
  Erica (D:8)
  2 catoblepae
  A death knight (D:14)
  An ogre mage (Orc:1)
  5 death yaks
  A tengu warrior (D:14)
  Urug (D:11)
  6 orc high priests (Orc:2)
  A sea snake (Lair:4)
  2 unseen horrors
  The ghost of HungLikeaParliment the Cleaver, a novice MiBe of Trog (D:6)
  2 deep elf magi (D:13)
  6 hill giants
  5 orc knights
  A lindwurm (Lair:3)
  An orb spider (Lair:3)
  13 ugly things
  2 wolf spiders
  2 griffons
  7 cyclopes
  An orc sorcerer (Orc:1)
  12 elephants
  3 manticores
  Joseph (Lair:1)
  7 black mambas
  Psyche (D:8)
  2 centaur zombies
  A gargoyle (D:14)
  13 spiny frogs
  A komodo dragon (shapeshifter) (D:13)
  4 freezing wraiths (D:14)
  3 komodo dragons
  4 rime drakes
  2 jumping spiders (Spider:1)
  10 trolls
  A minotaur skeleton (Lab)
  3 polar bears
  A slime creature (D:13)
  A two-headed ogre (Orc:1)
  10 blink frogs (Lair:6)
  A boulder beetle (Lair:6)
  2 vampires
  A shadow (D:14)
  A tarantella (Spider:1)
  30 yaks
  4 redbacks (Spider:1)
  4 fire bats (D:11)
  2 hungry ghosts
  3 basilisks
  2 steam dragons
  4 wraiths
  14 vampire mosquitoes
  4 hippogriffs
  Edmund (D:5)
  A mottled dragon (D:13)
  11 wargs
  A hell hound (D:11)
  10 water moccasins
  8 porcupines
  26 orc warriors
  Duvessa (D:4)
  6 ice beasts
  2 sky beasts (D:9)
  2 phantoms
  3 black bears
  A necrophage (D:12)
  9 ogres
  19 wolves
  9 centaurs
  6 crocodiles
  2 big kobolds (D:12)
  3 gnoll sergeants (D:12)
  14 giant frogs
  Dowan (D:4)
  A wyvern skeleton (D:15)
  4 scorpions
  9 killer bees
  9 electric eels
  2 howler monkeys (D:13)
  12 crimson imps
  2 lava snakes (D:11)
  3 giant frog zombies
  A quasit (D:13)
  4 jellies
  13 hounds
  33 orc priests
  5 centaur skeletons
  3 giant frog skeletons
  18 orc wizards
  8 iguanas
  15 worker ants
  19 sheep
  A hound zombie (D:11)
  2 hound skeletons
  Robin (D:3)
  16 gnolls
  10 adders
  2 howler monkey skeletons
  61 river rats
  2 shadow imps
  2 oozes (D:2)
  An adder zombie (D:6)
  2 adder skeletons
  4 worms
  5 giant geckos
  98 orcs
  3 bats
  5 giant cockroaches
  15 goblins
  12 hobgoblins
  11 jackals
  5 quokkas
  5 giant newts
  15 kobolds
  A quokka skeleton (D:7)
  A rat (D:3)
  3 fungi
  7 plants
829 creatures vanquished.

Vanquished Creatures (collateral kills)
  2 hydras
  A catoblepas (Lair:6)
  A death yak (Lair:4)
  A wizard (D:14)
  A deep elf mage (D:13)
  An orc sorcerer (Orc:1)
  A cyclops (D:14)
  A wolf spider simulacrum (D:14)
  2 hungry ghosts
  2 howler monkeys
  A giant frog zombie (D:9)
  4 hounds (D:9)
  4 orc priests
  An orc wizard (Orc:1)
  A shadow imp (D:9)
  7 orcs
  4 jackals (D:9)
35 creatures vanquished.

Vanquished Creatures (others)
  An ogre (D:6)
  A hound (D:6)
  An adder (D:6)
  A giant gecko (D:6)
  An orc (D:6)
  2 ball pythons (D:6)
  A jackal (D:9)
  27 fungi
  19 plants
54 creatures vanquished.

Grand Total: 918 creatures vanquished

Notes
Turn   | Place    | Note
-------+----------+-------------------------------------------
     0 | D:1      | HungLikeaParliment the Minotaur Berserker began the quest for the Orb.
     0 | D:1      | Reached XP level 1. HP: 19/19 MP: 0/0
    80 | D:1      | Reached skill level 4 in Axes
   254 | D:1      | Reached XP level 2. HP: 26/26 MP: 1/1
   297 | D:1      | Found a sparkling altar of Nemelex Xobeh.
   521 | D:1      | Reached skill level 5 in Axes
   768 | D:1      | Reached XP level 3. HP: 19/31 MP: 2/2
  1048 | D:2      | Reached skill level 6 in Axes
  1048 | D:2      | Reached XP level 4. HP: 39/39 MP: 3/3
  1049 | D:2      | Reached ** piety under Trog
  1556 | D:3      | Noticed Robin
  1573 | D:3      | Reached *** piety under Trog
  1578 | D:3      | Killed Robin
  1578 | D:3      | Reached skill level 7 in Axes
  1578 | D:3      | Reached XP level 5. HP: 36/45 MP: 4/4
  1869 | D:3      | Found a deep blue altar of Sif Muna.
  2201 | D:3      | Found a sacrificial altar of Ru.
  2202 | D:3      | Found a hide-covered altar of Uskayaw.
  2495 | D:4      | Reached skill level 8 in Axes
  2545 | D:4      | Reached XP level 6. HP: 25/51 MP: 5/5
  3326 | D:4      | Noticed Duvessa
  3326 | D:4      | Noticed Dowan
  3330 | D:4      | Killed Duvessa
  3330 | D:4      | Reached skill level 9 in Axes
  3335 | D:4      | Killed Dowan
  3335 | D:4      | Reached XP level 7. HP: 57/57 MP: 6/6
  3422 | D:5      | Entered Level 5 of the Dungeon
  3612 | D:5      | Reached skill level 10 in Axes
  3949 | D:5      | Noticed Edmund
  3960 | D:5      | Killed Edmund
  4042 | D:5      | Found Jacsim's General Store.
  4087 | D:5      | Reached skill level 11 in Axes
  4682 | D:6      | Reached XP level 8. HP: 64/64 MP: 7/7
  4693 | D:6      | Reached skill level 12 in Axes
  4695 | D:6      | Reached **** piety under Trog
  4828 | D:6      | Noticed HungLikeaParliment's ghost (novice MiBe)
  4846 | D:6      | Killed HungLikeaParliment's ghost
  4846 | D:6      | Reached skill level 13 in Axes
  4923 | D:6      | Found an ancient bone altar of Kikubaaqudgha.
  4924 | D:6      | Found a basalt altar of Yredelemnul.
  4925 | D:6      | Found a snail-covered altar of Cheibriados.
  4928 | D:6      | Found an iron altar of Okawaru.
  4985 | D:6      | Reached XP level 9. HP: 70/70 MP: 8/8
  5080 | D:6      | Found a staircase to the Ecumenical Temple.
  5179 | D:6      | Found a shimmering altar of Xom.
  5259 | D:6      | Reached skill level 14 in Axes
  5524 | D:7      | Found Biatur's Magic Scroll Shoppe.
  5531 | D:7      | Bought a scroll of brand weapon for 220 gold pieces
  5531 | D:7      | Bought a scroll of enchant armour for 82 gold pieces
  5531 | D:7      | Bought a scroll of identify for 22 gold pieces
  5531 | D:7      | Bought a scroll of blinking for 82 gold pieces
  6543 | D:8      | Reached skill level 5 in Fighting
  6971 | D:8      | Noticed Erica
  6983 | D:8      | Killed Erica
  6983 | D:8      | Reached skill level 15 in Axes
  6983 | D:8      | Reached skill level 5 in Armour
  7195 | D:8      | Noticed Psyche
  7201 | D:8      | Killed Psyche
  7201 | D:8      | Reached XP level 10. HP: 83/83 MP: 9/9
  7574 | D:9      | Received a gift from Trog
  7949 | D:9      | Found a staircase to the Lair.
  8488 | D:9      | Found a white marble altar of Elyvilon.
  8761 | D:9      | Found a hazy altar of Hepliaklqana.
  9319 | D:9      | Found a glowing silver altar of Zin.
  9331 | D:9      | Reached skill level 16 in Axes
  9623 | D:10     | Entered Level 10 of the Dungeon
  9658 | D:10     | Noticed a centaur warrior
  9677 | D:10     | Killed a centaur warrior
 10040 | Lair:1   | Entered Level 1 of the Lair of Beasts
 10170 | Lair:1   | Noticed a spiny frog
 10181 | Lair:1   | Killed a spiny frog
 10181 | Lair:1   | Reached XP level 11. HP: 95/95 MP: 10/10
 10452 | Lair:1   | Noticed Joseph
 10469 | Lair:1   | Killed Joseph
 10730 | Lair:2   | Reached ***** piety under Trog
 11025 | Lair:2   | Reached skill level 17 in Axes
 11689 | Lair:3   | Found a hole to the Spider Nest.
 11689 | Lair:3   | Noticed an orb spider
 11706 | Lair:3   | Killed an orb spider
 11953 | Lair:3   | Noticed a griffon
 11961 | Lair:3   | Killed a griffon
 12255 | Lair:3   | Noticed Oroborous's ghost (journeyman TrMo)
 12272 | Lair:3   | Killed Oroborous's ghost
 12381 | Lair:3   | Noticed a lindwurm
 12390 | Lair:3   | Killed a lindwurm
 12390 | Lair:3   | Reached skill level 10 in Fighting
 12713 | Lair:4   | Noticed a catoblepas
 12723 | Lair:4   | Killed a catoblepas
 12750 | Lair:4   | Reached skill level 18 in Axes
 12897 | Lair:4   | Noticed HungLikeaParliment's ghost (journeyman HOFi)
 13025 | Lair:4   | Reached XP level 12. HP: 99/106 MP: 11/11
 13110 | Lair:4   | Killed HungLikeaParliment's ghost
 13110 | Lair:4   | Reached skill level 10 in Armour
 13643 | Lair:4   | Found a staircase to the Shoals.
 13831 | Lair:4   | Received a gift from Trog
 13835 | Lair:4   | Noticed a five-headed hydra
 13870 | Lair:4   | Killed a five-headed hydra
 14479 | Shoals:1 | Entered Level 1 of the Shoals
 14660 | Lair:5   | Noticed a seven-headed hydra
 14662 | Lair:5   | Noticed a death yak
 14664 | Lair:5   | Noticed a death yak
 14665 | Lair:5   | Noticed a death yak
 14707 | Lair:5   | Noticed a death yak
 14708 | Lair:5   | Noticed a death yak
 14713 | Lair:4   | Killed a seven-headed hydra
 14713 | Lair:4   | Reached skill level 19 in Axes
 14716 | Lair:4   | Killed a death yak
 14918 | Lair:5   | Noticed a death yak
 14929 | Lair:4   | Killed a death yak
 14930 | Lair:4   | Killed a death yak
 15133 | Lair:4   | Killed a death yak
 15230 | Lair:5   | Killed a death yak
 15233 | Lair:5   | Killed a death yak
 15483 | Lair:5   | Reached XP level 13. HP: 112/117 MP: 12/12
 15527 | Lair:5   | Received a gift from Trog
 16666 | Lair:6   | Entered Level 6 of the Lair of Beasts
 16892 | Lair:6   | Reached skill level 20 in Axes
 17028 | Lair:6   | Noticed an acid blob
 17036 | Lair:6   | Killed an acid blob
 18026 | Lair:6   | Noticed Josephine
 18615 | Lair:6   | Found a viscous altar of Jiyva.
 18615 | Lair:6   | Found a staircase to the Slime Pits.
 18688 | Lair:6   | Killed Josephine
 18688 | Lair:6   | Received a gift from Trog
 18692 | Lair:6   | Got a heavily runed glass ring
 19279 | Lair:6   | Noticed a dire elephant
 19291 | Lair:6   | Killed a dire elephant
 19632 | Lair:6   | Noticed a dire elephant
 19632 | Lair:6   | Noticed a dire elephant
 19646 | Lair:6   | Killed a dire elephant
 19646 | Lair:6   | Reached XP level 14. HP: 129/129 MP: 4/13
 19995 | Lair:6   | Reached skill level 21 in Axes
 21086 | D:10     | Found a blossoming altar of Fedhas.
 21827 | D:11     | Found a labyrinth entrance.
 21834 | Lab      | Entered a labyrinth
 22143 | Lab      | Got a crude morningstar
 22150 | D:11     | Identified the cursed ring "Unnyig" {*Confuse rPois rN+ EV-2 Str+2} (You took it off Josephine on level 6 of the Lair of Beasts)
 22156 | D:11     | Identified the +2 morningstar of Pexton {crush, rF+ MR+} (You found it in a labyrinth)
 22157 | D:11     | Identified a +5 rod of ignition (10/10) (You found it in a labyrinth)
 22389 | D:11     | Noticed Urug
 22414 | D:11     | Killed Urug
 22630 | D:11     | Identified Topa Eschao's Grimoire of the Evil Volcanoes (You found it on level 11 of the Dungeon)
 22637 | D:11     | Received a gift from Trog
 23433 | D:12     | Found a staircase to the Orcish Mines.
 23560 | D:12     | You fall through a shaft!
 23720 | D:13     | Found a gate to the Vaults.
 23743 | D:13     | Received a gift from Trog
 24071 | D:13     | Reached skill level 5 in Dodging
 24183 | D:13     | Found a flagged portal.
 24195 | Bailey   | Entered a bailey
 25131 | Orc:1    | Entered Level 1 of the Orcish Mines
 25131 | Orc:1    | Found Oxyeshry's Magic Scroll Boutique.
 25143 | Orc:1    | Found Afysob's Food Emporium.
 25386 | Orc:1    | Received a gift from Trog
 25659 | Orc:1    | Noticed an orc warlord
 25672 | Orc:1    | Killed an orc warlord
 25672 | Orc:1    | Reached XP level 15. HP: 139/139 MP: 4/14
 26167 | Orc:2    | Entered Level 2 of the Orcish Mines
 26167 | Orc:2    | Found a staircase to the Elven Halls.
 26278 | Orc:2    | Found Jogudaod's Weapon Shoppe.
 26290 | Orc:2    | Found Alotazxie's Antique Weapon Shop.
 26483 | Orc:2    | Found a roughly hewn altar of Beogh.
 26589 | Orc:2    | Found Tuxzenog's Magic Scroll Shop.
 26589 | Orc:2    | Found Wanul's Magic Scroll Shoppe.
 26611 | Orc:2    | Bought a scroll of enchant armour for 90 gold pieces
 26622 | Orc:2    | Bought a scroll of blinking for 105 gold pieces
 26737 | Orc:2    | Noticed Ryco's ghost (journeyman SpEn)
 26754 | Orc:2    | Killed Ryco's ghost
 26989 | Orc:2    | Reached skill level 15 in Fighting
 28027 | D:14     | Reached skill level 22 in Axes
 28414 | D:14     | Received a gift from Trog
 28800 | Orc:1    | Bought a scroll of enchant weapon for 82 gold pieces
 28800 | Orc:1    | Bought a scroll of random uselessness for 11 gold pieces
 29466 | D:14     | Reached skill level 15 in Armour
 29806 | D:15     | Entered Level 15 of the Dungeon
 30320 | D:15     | Found a staircase to the Depths.
 31067 | Spider:1 | Entered Level 1 of the Spider Nest
 31104 | Spider:1 | Blown up by an orb spider

Vault maps used:
D:1:      minmay_arrival_radiant_lines, nemelex_diamond_rough_becter
D:3:      gammafunk_temple_overflow_pools, led_sif_book, uniq_robin
D:4:      uniq_duvessa
D:5:      serial_shops, kennysheep_mini, first_bread, minivault_5, uniq_edmund
D:6:      minitemple, xom_confusion_cloud
D:7:      serial_shops, nicolae_shop_temple_entry_statues_fountains,
          kennysheep_generic_room_4
D:8:      grunt_pizzeria, st_stairs_1, uniq_erica, uniq_psyche
D:9:      overflow_temple_1_default, lemuel_doored_altar, elyvilon_altar_5,
          erik_lair_island
D:10:     hangedman_tree_tricks
D:11:     lab_entry_generic, hangedman_incinerator, uniq_urug
D:12:     kennysheep_orc_monster_closet_entryway, kennysheep_windowed_goal
D:13:     lightli_vaults_fourway_checkpoint, enter_bailey_2,
          grunt_decor_arrowhead
D:14:     hangedman_cross_stitches
D:15:     hangedman_depths_entry_try_elsewhere_first, minmay_crystal_room
Lair:1:   lemuel_fruit_tree, uniq_joseph
Lair:2:   grunt_megastairs_1, infiniplex_staircase_pool
Lair:3:   nicolae_spider_entry_orb_guardian, nicolae_volcano_entry_vermiform
Lair:4:   minmay_shoals_entry_centaurs, hangedman_lair_unloving_vines,
          wad_woods_river_04, lemuel_fruit_fields
Lair:6:   due_jungle_book, slime_altar_1, serial_bayou_shore_b, uniq_josephine
Shoals:1: serial_shops, shop
Orc:1:    guppyfry_orc_lava_fort
Orc:2:    st_orc_town, nicolae_orc_lava_room
Lab:      labyrinth_mini_lab, nicolae_lab_big_swirl, lab_fountain,
          nicolae_lab_arrow, nicolae_lab_starburst, labyrinth_skeletal_remains,
          nicolae_lab_garden, nicolae_lab_statue, nicolae_lab_very_dead_end
Bailey:   bailey_axe_1, bailey

Skill      XL: |  1  2  3  4  5  6  7  8  9 10 11 12 13 14 15 |
---------------+----------------------------------------------+-----
Axes           | 4 5 6 7 8 9 11 13 15 16 18 19 20 21 22 | 22.3
Fighting       | 6 8 10 11 13 14 15 | 15.7
Armour         | 5 7 9 11 12 14 15 | 15.2
Dodging        | 5 8 |  8.7

Action                   |  1- 3 |  4- 6 |  7- 9 | 10-12 | 13-15 || total
-------------------------+-------+-------+-------+-------+-------++-------
Melee: Hand axe          |    46 |   136 |    91 |       |       ||   273
       Headbutt          |     8 |    24 |    36 |   112 |   336 ||   516
       War axe           |       |       |   134 |   512 |   220 ||   866
       Morningstar       |       |       |       |    10 |    13 ||    23
       Battleaxe         |       |       |       |       |   819 ||   819
       Great mace        |       |       |       |       |    28 ||    28
       Executioner's axe |       |       |       |       |   131 ||   131
Invok: Berserk           |     3 |     2 |     8 |    11 |    17 ||    41
       Trog's Hand       |       |       |     1 |     3 |     6 ||    10
       Brothers in Arms  |       |       |       |     3 |     8 ||    11
       Burn Spellbooks   |       |       |       |       |     7 ||     7
Evoke: Wand              |       |       |       |     2 |     2 ||     4
  Use: Scroll            |       |     6 |    20 |    10 |    15 ||    51
       Potion            |       |       |       |       |     1 ||     1
  Eat: Chunk             |     2 |    10 |    14 |    28 |    58 ||   112
       Fruit             |       |       |     2 |     5 |    11 ||    18
       Meat ration       |       |       |     1 |       |       ||     1
       Pizza             |       |       |       |     5 |     4 ||     9
       Royal jelly       |       |       |       |     1 |     1 ||     2
Armor: Ring mail         |    17 |    47 |    20 |       |       ||    84
       Chain mail        |       |       |    59 |   311 |   571 ||   941
       Fire dragon armou |       |       |       |       |     5 ||     5
       Plate armour      |       |       |       |       |   202 ||   202
Dodge: Dodged            |    30 |    70 |    80 |   178 |   618 ||   976
